Unix NetHack Version 3.7.0-102 Work-in-progress - last build Apr 6 2024 13:22:21 (d302a6a9ff6341f1a922d8f5af178406b35fdf99,branch:master). Game began 2024-05-02 20:57:56, ended 2024-05-02 21:22:30. Dewzmint, lawful male human Priest ------- |.....| |.....| |.....| # |......###### -------- |...<.| ##### |C..... ------- ### |.... ###|...- ###|...| # a@..C| ## #|...| ---------------- # #|...- |...............#####|.... |..............|# #|C..... |...............# -------- |..............| ---------------- Dewzmint the Acolyte St:10 Dx:15 Co:12 In:10 Wi:15 Ch:10 Lawful S:1693 Dlvl:8 $:215 HP:0(31) Pw:64(77) AC:6 Xp:5/262 T:2887 Weak Latest messages: (For instructions type a '?') You descend the stairs. You see here a fortune cookie. There is a fortune cookie here; eat it? [ynq] (n) y This fortune cookie is delicious! This cookie has a scrap of paper inside. It reads: They say that a giant gets strong by eating right, try it! Pick an object. The soldier ant bites! The soldier ant stings! You are beginning to feel hungry. You hit the soldier ant! Your hands no longer glow so brightly red. The soldier ant appears confused. In what direction? l In what direction? l The spell hits it. You kill it! The dingo bites! You hear a door open. In what direction? n The spell hits the dingo! The dingo bites! What do you want to zap? In what direction? n You kill the dingo! You hear an F sharp squeak in the distance. You don't have anything to eat. You see here a potion of healing. l - a potion of healing (2 in total). The orc shaman points at you, then curses. You hit the orc shaman. Your hands no longer glow so brightly red. The orc shaman appears confused. The orc shaman points all around, then curses. You hit the orc shaman. The orc shaman reads a scroll labeled TEMOV! Being confused, the orc shaman mispronounces the magic words... Call a scroll labeled TEMOV: .... You are beginning to feel weak. The soldier ant just misses! The soldier ant stings! The soldier ant's sting was poisoned! You die... Do you want your possessions identified? [ynq] (y) n Do you want to see your attributes? [ynq] (y) n Do you want an account of creatures vanquished? [ynaq] (y) n Do you want to see your conduct and achievements? [ynq] (y) n Do you want to see the dungeon overview? [ynq] (y) n Inventory: Coins $ - 215 gold pieces Weapons E - 12 +0 arrows o - 9 +0 orcish arrows F - a +0 bow j - a +0 orcish dagger a - a blessed +2 mace (weapon in right hand) Armor b - a +2 robe (being worn) Scrolls t - a scroll of fire Spellbooks s - a spellbook of force bolt w - a spellbook of identify Potions G - a potion of extra healing l - 2 potions of healing d - 4 potions of holy water Rings y - a ring of conflict v - a ring of invisibility Wands n - a wand of cold (0:1) Tools A - a tin whistle Dewzmint the Priest's attributes: Background: You were an Acolyte, a level 5 human Priest. You were lawful, nominally on a mission for Tyr who was opposed by Odin (neutral) and Loki (chaotic). You were right-handed. You were in the Dungeons of Doom, on level 8. You entered the dungeon 2887 turns ago. You had 262 experience points, 58 more were needed to attain level 6. Your score was 1693 before end-of-game adjustments. Basics: You had 0 out of 31 hit points. You had 64 out of 77 energy points (spell power). Your armor class was 6. Your wallet contained 215 zorkmids. Autopickup was off. Final Characteristics: Your strength was 10 (base:11, limit:18/100). Your dexterity was 15 (limit:18). Your constitution was 12 (limit:18). Your intelligence was 10 (limit:18). Your wisdom was 15 (peak:18, limit:18). Your charisma was 10 (limit:18). Final Status: You were weak from severe hunger. You were unencumbered. You were wielding a mace. You had basic skill with mace. Final Attributes: You were piously aligned. You would have confused monsters when hitting them. You were guarded. You were unlucky. You are dead. Miscellaneous: You never encountered a bones level. Total elapsed playing time was 24 minutes and 33 seconds. Major events: Turn 1: Dewzmint the lawful human Priest entered the dungeon 885: attained the rank of Acolyte (level 3) 2887: killed by a soldier ant Vanquished creatures: 2 dingoes a dog a human zombie a soldier ant a mountain nymph 2 yellow lights a gnome leader a gray ooze a kobold leader a giant bat an iguana 2 acid blobs a coyote a large kobold a yellow mold 5 geckos 4 jackals a fox a kobold 3 goblins 2 sewer rats 2 grid bugs 4 lichens 4 newts 44 creatures vanquished. No species were genocided or became extinct. Voluntary challenges: You were an atheist. You read items or engraved 14 times. You engraved Elbereth 1 time. You never had a pet. You never genocided any monsters. You never polymorphed an object. You never changed form. You used no wishes. Achievements: You entered a shop. You attained the rank of Acolyte. The Dungeons of Doom: levels 1 to 8 Level 1: A fountain. Level 2: An altar, many fountains, a grave. Level 3: A grave. Level 4: A fountain. Level 5: Level 6: Level 7: Many fountains. Level 8: <- You were here. Final resting place for you, killed by a soldier ant. Game over: ---------- / \ / REST \ / IN \ / PEACE \ / \ | Dewzmint | | 215 Au | | killed by a | | soldier ant | | | | | | 2024 | *| * * * | * _________)/\\_//(\/(/\)/\//\/|_)_______ Goodbye Dewzmint the Priest... You died in The Dungeons of Doom on dungeon level 8 with 1672 points, and 215 pieces of gold, after 2887 moves. You were level 5 with a maximum of 31 hit points when you died.